 Dungeon Crawl Stone Soup version 0.29.1-4-g47bece8355 (webtiles) character file.

Game seed: 8257905935205567750

4867 klnnlk the Cleaver (level 10, 0/136 HPs)
             Began as a Minotaur Berserker on Dec 4, 2022.
             Was an Elder of Trog.
             Slain by an ice devil (8 damage)
             ... on level 10 of the Dungeon.
             The game lasted 00:18:03 (10000 turns).

klnnlk the Cleaver (Minotaur Berserker)            Turns: 10000, Time: 00:18:04

Health: 0/136      AC: 13    Str: 29      XL:     10   Next: 26%
Magic:  9/9        EV:  9    Int:  4      God:    Trog [****..]
Gold:   387        SH:  0    Dex:  7 (8)  Spells: 9/9 levels left

rFire   . . .      SeeInvis .   B - +2 hand axe (venom)
rCold   . . .      Faith    .   (no shield)
rNeg    . . .      Spirit   .   s - +1 chain mail of the Spheres {Will+ rCorr Str+3 Dex-2}
rPois   .          Reflect  .   (helmet restricted)
rElec   .          Harm     .   (no cloak)
rCorr   +          Rampage  .   (no gloves)
Will    +....                   J - +0 pair of boots
Stlth   ..........              (no amulet)
HPRegen 0.32/turn               (no ring)
MPRegen 0.11/turn               (no ring)

@: berserking, very quick
A: horns 2, retaliatory headbutt
a: Renounce Religion, Berserk, Trog's Hand, Brothers in Arms


You were on level 10 of the Dungeon.
You worshipped Trog.
Trog was greatly pleased with you.
You visited 1 branch of the dungeon, and saw 10 of its levels.

You collected 387 gold pieces.

Inventory:

Hand Weapons
 a - a +0 hand axe
 B - a +2 hand axe of venom (weapon)
Missiles
 h - 3 throwing nets
 v - 10 poisoned darts (quivered)
Armour
 b - a +0 animal skin
 i - a +1 scale mail
 s - the +1 chain mail of the Spheres (worn) {Will+ rCorr Str+3 Dex-2}
   (You found it on level 3 of the Dungeon)

   Str:       It affects your strength (+3).
   Dex:       It affects your dexterity (-2).
   rCorr:     It protects you from acid and corrosion.
   Will:      It increases your willpower.
 J - a +0 pair of boots (worn)
Jewellery
 g - a ring of fire
 k - a +6 ring of dexterity
 D - a ring of protection from cold
 N - a ring of ice
Wands
 F - a wand of quicksilver (9)
 H - a wand of paralysis (21)
 M - a wand of roots (6)
Scrolls
 c - a scroll of summoning {unknown}
 d - 4 scrolls of amnesia
 l - a scroll of brand weapon {unknown}
 o - a scroll of blinking {unknown}
 p - a scroll of vulnerability {unknown}
 q - a scroll of magic mapping {unknown}
 r - a scroll of immolation {unknown}
 t - 4 scrolls of enchant armour
 w - a scroll of fear {unknown}
 y - 3 scrolls of teleportation
 A - 3 scrolls of poison
 I - 2 scrolls of butterflies {unknown}
 K - a scroll of silence {unknown}
Potions
 e - 2 potions of brilliance
 f - a potion of resistance
 j - a potion of invisibility
 m - 3 potions of might
 n - a potion of degeneration
 u - 2 potions of mutation
 x - a potion of berserk rage
 z - 5 potions of attraction
 C - a potion of magic
 E - a potion of haste {unknown}
 G - a potion of lignification {unknown}
 L - a potion of flight {unknown}


   Skills:
 + Level 9.1 Fighting
 + Level 13.7 Axes
 + Level 9.0 Armour
 - Level 2.1 Dodging
 - Level 1.6 Stealth


You had 9 spell levels left.
You didn't know any spells.
Your spell library was empty.

Dungeon Overview and Level Annotations

Branches:
Dungeon (10/15)            Temple (0/1) D:7             Orc (0/2) D:9
   Lair: D:8-11

Altars:
Dithmenos
Elyvilon
Fedhas
Okawaru
Sif Muna
Xom
Yredelemnul
Zin
The Shining One

Annotations:
D:3 3 runed translucent doors, 0gre's ghost, amateur GnIE
D:9 2 runed translucent doors


Innate Abilities, Weirdness & Mutations

You have a pair of horns on your head.
You reflexively headbutt those who attack you in melee.


Message History

You start resting.
You feel yourself speed up.
You start resting.
You recover from your berserk rage.
You start resting.
HP restored.
You now have 387 gold pieces (gained 22).
N - a ring of ice
Found an iron altar of Okawaru.
An ice devil comes into view.
The ice devil attacks as you move away! The ice devil closely misses you.
You closely miss the ice devil.
The ice devil hits you but does no damage.
You barely miss the ice devil. You barely miss the ice devil.
The ice devil hits you. The ice devil freezes you!!
You barely miss the ice devil. Your headbutt misses the ice devil.
The ice devil hits you but does no damage.
You closely miss the ice devil. You headbutt the ice devil!
The ice devil is lightly wounded.
You hit the ice devil.
The ice devil is moderately wounded.
The ice devil hits you. The ice devil freezes you!
You barely miss the ice devil.
The ice devil is moderately wounded.
The ice devil hits you. The ice devil freezes you!!
* * * LOW HITPOINT WARNING * * *
A red film seems to cover your vision as you go berserk!
You feel yourself moving faster!
You feel mighty! The ice devil hits you.
* * * LOW HITPOINT WARNING * * *
The ice devil freezes you!!
* * * LOW HITPOINT WARNING * * *
You barely miss the ice devil.
The ice devil is moderately wounded.
You barely miss the ice devil.
The ice devil is moderately wounded.
You slice the ice devil!! You headbutt the ice devil.
The ice devil is severely wounded.
The ice devil hits you!
You die...

# #. ## ##########
#..♣. #..).....###
##.⌠..##......#...#
#....⌠4@.....#######
#.....###.#### #_##
#.#### #.# ...8# #.#
....# #### #.#
....8# ....
#######.# ....##
.... ........####
...8# ..#.
###........# ....##
#... #........#
....8#


You could see an ice devil.

Vanquished Creatures
  An ugly thing (D:8)
  Joseph (D:8)
  2 ice devils (D:10)
  A hornet (D:9)
  A wraith (D:9)
  A shadow (D:10)
  3 wyverns (D:9)
  A steam dragon (D:8)
  A water moccasin (D:9)
  3 ice beasts (D:6)
  A sky beast (D:6)
  A black bear (D:5)
  An ogre (D:6)
  3 centaurs
  A phantom (D:5)
  A kobold brigand (D:8)
  Blork the orc (D:4)
  A necrophage (D:8)
  A bullfrog (D:7)
  2 scorpions (D:6)
  A gnoll sergeant (D:6)
  3 wights (D:9)
  6 killer bees (D:9)
  2 howler monkeys
  4 quasits (D:10)
  3 hounds
  2 orc priests
  2 jellies (D:7)
  A gnoll bouda (D:6)
  4 iguanas
  3 orc wizards
  4 adders
  10 gnolls (D:6)
  3 white imps
  2 ufetubi
  A worm (D:3)
  3 dart slugs
  15 orcs
  6 endoplasms
  2 giant cockroaches
  2 goblins
  7 hobgoblins
  3 jackals (D:4)
  13 kobolds
  2 quokkas (D:1)
  10 ball pythons
  8 bats
  2 frilled lizards
  3 rats
155 creatures vanquished.

Vanquished Creatures (others)
  An angel (D:7)
  3 demonic plants (D:10)
4 creatures vanquished.

Grand Total: 159 creatures vanquished

Notes
Turn   | Place    | Note
-------+----------+-------------------------------------------
     0 | D:1      | klnnlk the Minotaur Berserker began the quest for the Orb.
     0 | D:1      | Reached XP level 1. HP: 19/19 MP: 0/0
   177 | D:1      | Reached skill level 4 in Axes
   498 | D:1      | Reached XP level 2. HP: 26/26 MP: 1/1
   689 | D:1      | Found a faded altar of an unknown god.
  1277 | D:2      | Reached skill level 5 in Axes
  1426 | D:2      | Reached XP level 3. HP: 31/31 MP: 2/2
  1461 | D:2      | Reached ** piety under Trog
  1885 | D:3      | Noticed 0gre's ghost (amateur GnIE)
  1886 | D:3      | Noticed an ice beast
  1894 | D:3      | Found a runed translucent gate.
  1894 | D:3      | Found a runed translucent gate.
  1894 | D:3      | Found a runed translucent gate.
  1940 | D:3      | Identified the +1 chain mail of the Spheres {Will+ rCorr
                  | Str+3 Dex-2}
  2112 | D:3      | Found a basalt altar of Yredelemnul.
  2626 | D:4      | Noticed Blork the orc
  2634 | D:4      | Killed Blork the orc
  2635 | D:4      | Reached skill level 6 in Axes
  2635 | D:4      | Reached XP level 4. HP: 39/39 MP: 3/3
  2737 | D:4      | Reached skill level 7 in Axes
  2737 | D:4      | Reached XP level 5. HP: 42/45 MP: 4/4
  3154 | D:4      | Reached skill level 1 in Stealth
  3904 | D:5      | Entered Level 5 of the Dungeon
  3939 | D:5      | Reached XP level 6. HP: 16/51 MP: 5/5
  3979 | D:5      | Reached skill level 8 in Axes
  4666 | D:5      | Reached skill level 9 in Axes
  4963 | D:5      | Reached XP level 7. HP: 57/57 MP: 6/6
  5030 | D:5      | You fall into a shaft and drop 1 floor!
  5174 | D:6      | Reached *** piety under Trog
  5238 | D:6      | Reached skill level 10 in Axes
  5355 | D:6      | Reached XP level 8. HP: 52/66 MP: 7/7
  5359 | D:6      | Reached skill level 11 in Axes
  6432 | D:7      | Reached skill level 5 in Fighting
  6501 | D:7      | Found a staircase to the Ecumenical Temple.
  6531 | D:7      | Noticed an angel
  6532 | D:7      | Found a shimmering altar of Xom.
  6536 | D:7      | Found a glowing silver altar of Zin.
  6564 | D:7      | Reached skill level 5 in Armour
  6639 | D:7      | Found a glowing golden altar of the Shining One.
  6957 | D:7      | Killed an angel
  7098 | D:8      | Noticed Joseph
  7108 | D:8      | Killed Joseph
  7109 | D:8      | Reached skill level 12 in Axes
  7109 | D:8      | Reached XP level 9. HP: 61/75 MP: 8/8
  7453 | D:8      | Noticed a brown ugly thing
  7466 | D:8      | Killed a brown ugly thing
  7653 | D:8      | Identified the +1 ring mail of the Onion {+Inv}
  7657 | D:8      | Found a white marble altar of Elyvilon.
  7704 | D:8      | Reached **** piety under Trog
  8106 | D:9      | Reached skill level 13 in Axes
  8618 | D:9      | Found a large runed translucent door.
  8618 | D:9      | Found a large runed translucent door.
  8621 | D:9      | Noticed a white ugly thing
  8622 | D:9      | Found a shimmering altar of Xom.
  8622 | D:9      | Noticed a red ugly thing
  8624 | D:9      | Identified the +3 dagger of Dizorut {chaos, rCorr SInv}
  8624 | D:9      | Identified the +1 robe of the Enchanted Forest {+Inv Str+4}
  8624 | D:9      | Noticed a kobold demonologist
  8640 | D:9      | Found a blossoming altar of Fedhas.
  9048 | D:9      | Reached XP level 10. HP: 88/90 MP: 9/9
  9233 | D:9      | Found a shimmering blue altar of Sif Muna.
  9405 | D:9      | Found a staircase to the Orcish Mines.
  9517 | D:10     | Entered Level 10 of the Dungeon
  9588 | D:10     | Found a shadowy altar of Dithmenos.
  9977 | D:10     | Found an iron altar of Okawaru.
 10000 | D:10     | Slain by an ice devil

Illustrated notes

Levels and vault maps discovered:
D:1:      minmay_arrival_four_loops, layout_loops_corners,
          basic_ecumenical_altar, minmay_pentomino_u4
D:2:      layout_loops_cross, kennysheep_generic_room_3
D:3:      layout_loops_ring, lemuel_doored_altar, mainiacjoe_overflow_alcove_2,
          gammafunk_ghost_split, grunt_decor_cap, kennysheep_pointless_box,
          hangedman_decor_clover_reticule
D:4:      layout_layer_cave, uniq_blork_the_orc
D:5:      layout_loops_cross
D:6:      layout_basic
D:7:      layout_basic, grunt_temple_overflow_order_and_chaos_1,
          nicolae_tso_carved_into_rock, minmay_temple_entry_statues_fountains,
          kennysheep_decorative_pillar
D:8:      layout_basic, mainiacjoe_overflow_boulevard, uniq_joseph
D:9:      due_chaos_kobolds, layout_basic, fedhas_altar_2,
          mainiacjoe_overflow_concentric_impassable, orc_0_dummy
D:10:     layout_small_grid, nicolae_overflow_hidden_temple,
          mainiacjoe_overflow_24_doors, serial_demonic, serial_demonic_g,
          serial_demonic_c, serial_demonic_b, serial_demonic_e,
          serial_demonic_c, serial_demonic_b, serial_demonic_f,
          serial_demonic_d, dk_noncrumbling_2, minmay_misc_feat_more_columns

Skill      XL: |  1  2  3  4  5  6  7  8  9 10 |
---------------+-------------------------------+-----
Axes           | 4 5 6 7 9 10 12 13 | 13.7
Stealth        | 1 |  1.6
Armour         | 3 6 8 9 |  9.0
Fighting       | 4 6 8 9 |  9.1
Dodging        | |  2.1

Action                   |  1- 3 |  4- 6 |  7- 9 | 10-12 || total
-------------------------+-------+-------+-------+-------++-------
Melee: Hand axe          |    99 |    96 |   215 |    58 ||   468
       Punch             |     3 |       |     1 |     2 ||     6
       Headbutt          |    14 |    14 |    45 |     6 ||    79
Invok: Berserk           |     2 |       |     3 |     3 ||     8
  Use: Scroll            |     2 |     4 |     7 |     1 ||    14
       Potion            |       |       |     2 |       ||     2
Armor: Animal skin       |    10 |       |       |       ||    10
       Chain mail        |    15 |    44 |   101 |    24 ||   184
       Scale mail        |     9 |       |       |       ||     9
Dodge: Dodged            |    60 |    26 |    88 |    21 ||   195
